 Dungeon Crawl Stone Soup version 0.29-a0-321-gf1c400731a (webtiles) character file.

Game seed: 13234214852122635781

42006 Dabor the Nimble (level 14, 0/108 HPs)
             Began as a Gnoll Wanderer on Apr 5, 2022.
             Was the Champion of Jiyva.
             Slain by a seven-headed hydra (1 damage)
             ... while petrified by a basilisk
             ... on level 2 of the Lair of Beasts.
             The game lasted 00:45:43 (12865 turns).

Dabor the Nimble (Gnoll Wanderer)                  Turns: 12865, Time: 00:45:44

Health: 0/108      AC: 13    Str: 24    XL:     14   Next: 17%
Magic:  27/27      EV:  2    Int: 13    God:    Jiyva [******]
Gold:   1145       SH:  0    Dex: 22    Spells: 22/32 levels left

rFire   + + +      SeeInvis .   E - +8 scimitar of Honour {flame, rF+++ Str+4 Int+2}
rCold   + . .      Faith    .   l - +3 kite shield {rF+}
rNeg    + + +      Spirit   .   D - +3 leather armour {rC+}
rPois   ∞          Reflect  .   (helmet unavailable)
rElec   +          Harm     .   a - +2 cloak
rCorr   +          Rampage  .   h - +1 pair of gloves of the Amoeba {Regen+ Dex+3}
rMut    +                       (no boots)
Will    +....                   (no amulet)
Stlth   ++++......              d - ring of poison resistance
HPRegen 2.68/turn               A - +6 ring of strength
MPRegen 0.70/turn

@: petrified, marked
A: fangs 1, strong nose, distributed training, horns 3, talons 2, agile 2,
mutation resistance 3, electricity resistance
a: Renounce Religion, Oozemancy, Slimify


You were on level 2 of the Lair of Beasts.
You worshipped Jiyva.
Jiyva was exalted by your worship.
You visited 4 branches of the dungeon, and saw 18 of its levels.
You also visited: Ossuary.

You collected 1446 gold pieces.
You spent 301 gold pieces at shops.

Inventory:

Hand Weapons
 p - the +8 hand axe of Wu Jian's Whim {chaos, rCorr Dex+2}
   (You found it on level 2 of the Dungeon)

   Each time it hits an enemy it has a different, random effect.
   Dex:       It affects your dexterity (+2).
   rCorr:     It protects you from acid and corrosion.
 E - the +8 scimitar of Honour (weapon) {flame, rF+++ Str+4 Int+2}
   (You acquired it in an ossuary)

   It burns those it strikes, dealing additional fire damage.
   Big, fiery blades are also staple armaments of hydra-hunters.
   Str:       It affects your strength (+4).
   Int:       It affects your intelligence (+2).
   rF:        It renders you almost immune to fire.
 L - the +10 whip of Viklavog {venom, *Noise +Blink rF+}
   (You found it on level 9 of the Dungeon)

   It poisons the flesh of those it strikes.
   rF:        It protects you from fire.
   +Blink:    It lets you blink.
   *Noise:    It may make noises in combat.
Missiles
 v - 15 boomerangs (quivered)
 F - 8 poisoned darts
Armour
 a - a +2 cloak (worn)
 b - a +2 helmet
 h - the +1 pair of gloves of the Amoeba (worn) {Regen+ Dex+3}
   (You acquired it on level 3 of the Dungeon)

   Dex:       It affects your dexterity (+3).
   Regen:     It increases your rate of health regeneration.
 l - a +3 kite shield of fire resistance (worn)
 D - a +3 leather armour of cold resistance (worn)
 M - a +2 robe of willpower
Magical Staves
 y - a staff of poison
Jewellery
 c - a ring of flight
 d - a ring of poison resistance (left hand)
 A - a +6 ring of strength (right hand)
 K - a ring of positive energy
Wands
 n - a wand of iceblast (2)
Scrolls
 j - 2 scrolls of blinking
 k - a scroll of magic mapping
 s - 4 scrolls of immolation
 u - a scroll of torment
 w - a scroll of enchant armour
 z - 4 scrolls of teleportation
 C - 3 scrolls of fog
 G - a scroll of summoning
 H - 2 scrolls of fear
 J - a scroll of silence {unknown}
 O - a scroll of vulnerability {unknown}
 P - a scroll of identify
Potions
 e - a potion of mutation
 f - 2 potions of attraction
 g - 3 potions of flight
 i - 5 potions of curing
 m - 4 potions of ambrosia
 o - 3 potions of invisibility
 q - 2 potions of haste
 r - 3 potions of lignification
 t - a potion of might {unknown}
 x - 2 potions of brilliance {unknown}
 B - a potion of cancellation {unknown}
 I - a potion of berserk rage
Miscellaneous
 N - a piece from Xom's chessboard (15/15)


   Skills:
 + Level 9.4 Fighting
 + Level 9.0 Short Blades
 + Level 9.0 Long Blades
 + Level 9.0 Axes
 + Level 9.0 Maces & Flails
 + Level 11.1 Polearms
 + Level 9.0 Staves
 + Level 9.0 Slings
 + Level 9.0 Bows
 + Level 9.0 Crossbows
 + Level 9.0 Throwing
 + Level 9.0 Armour
 + Level 11.1 Dodging
 + Level 9.0 Stealth
 + Level 9.0 Shields
 + Level 9.0 Unarmed Combat
 + Level 9.5 Spellcasting
 + Level 7.5 Conjurations
 + Level 7.5 Hexes
 + Level 7.5 Summonings
 + Level 7.5 Necromancy
 + Level 7.5 Translocations
 + Level 7.5 Transmutations
 + Level 7.5 Fire Magic
 + Level 7.5 Ice Magic
 + Level 7.5 Air Magic
 + Level 7.5 Earth Magic
 + Level 7.8 Poison Magic
 + Level 10.2 Invocations
 + Level 9.0 Evocations


You had 22 spell levels left.
You knew the following spells:

 Your Spells              Type           Power      Damage    Failure   Level
a - Sting                 Tmut/Pois      100%       1d8       1%          1
b - Corpse Rot            Necr/Air       50%        N/A       2%          2
c - Tukima's Dance        Hex            25%        N/A       4%          3
d - Cause Fear            Hex            12%        N/A       14%         4

Your spell library contained the following spells:

 Spells                   Type           Power      Damage    Failure   Level
 Summon Small Mammal      Summ           100%       N/A       1%          1
 Poisonous Vapours        Pois/Air       52%        N/A       1%          2
 Static Discharge         Conj/Air       25%        N/A       2%          2
 Call Canine Familiar     Summ           25%        N/A       4%          3
 Ignite Poison            Fire/Tmut/Pois 26%        N/A       4%          3
 Inner Flame              Hex/Fire       25%        N/A       4%          3
 Stone Arrow              Conj/Erth      50%        3d10      4%          3
 Summon Guardian Golem    Hex/Summ       25%        N/A       4%          3
 Animate Armour           Summ/Erth      50%        N/A       14%         4
 Passage of Golubria      Tloc           25%        N/A       14%         4
 Lightning Bolt           Conj/Air       12%        1d26      36%         5
 Yara's Violent Unravell  Hex/Tmut       12%        3d7       36%         5
 Discord                  Hex            12%        N/A       100%        8
 Lehudib's Crystal Spear  Conj/Erth      12%        10d4      100%        8
 Maxwell's Capacitive Co  Air            12%        ∞         100%        8


Dungeon Overview and Level Annotations

Branches:
Dungeon (13/15)            Temple (1/1) D:4            Lair (2/6) D:10
    Orc (2/2) D:11            Elf (0/3) Orc:2       Ossuary (visited)
  Swamp: Lair:2-4    Shoals: Lair:2-4     Snake: Lair:2-4    Spider: Lair:2-4
 Vaults: D:13-14

Altars:
Ashenzari
Cheibriados
Dithmenos
Elyvilon
Fedhas
Gozag
Hepliaklqana
Kikubaaqudgha
Makhleb
Nemelex Xobeh
Okawaru
Qazlal
Ru
Sif Muna
Trog
Uskayaw
Vehumet
Wu Jian
Xom
Yredelemnul
Zin
The Shining One
Beogh
Jiyva

Shops:
D:8 *!   Orc:2 :([*

Annotations:
D:10 3 runed translucent doors, Miritol's ghost, journeyman KoBe


Innate Abilities, Weirdness & Mutations

You have very sharp teeth.
Your uncanny sense of smell can sniff out nearby items.
Your experience applies equally to all skills.
You have a pair of large horns on your head.
You have razor-sharp toenails.
You are very agile. (Dex +4)
You are almost entirely resistant to further mutation and mutation removal.
You are resistant to electric shocks. (rElec)


Message History

The bullfrog hits you but does no damage.
The seven-headed hydra bites you.
The seven-headed hydra bites you but does no damage. x2
The seven-headed hydra bites you. x2
* * * LOW HITPOINT WARNING * * *
The seven-headed hydra bites you but does no damage. x2
The komodo dragon bites you!
* * * LOW HITPOINT WARNING * * *
The bullfrog hits you.
The bullfrog hits you but does no damage.
The basilisk bites you but does no damage.
The bullfrog hits you but does no damage.
The komodo dragon bites you.
* * * LOW HITPOINT WARNING * * *
The seven-headed hydra completely misses you.
The seven-headed hydra bites you but does no damage. x2
The seven-headed hydra bites you!
* * * LOW HITPOINT WARNING * * *
The seven-headed hydra bites you.
* * * LOW HITPOINT WARNING * * *
The seven-headed hydra bites you!
* * * LOW HITPOINT WARNING * * *
The seven-headed hydra bites you but does no damage.
The bullfrog hits you but does no damage. x2
A black bear comes into view.
The basilisk bites you!
* * * LOW HITPOINT WARNING * * *
The bullfrog hits you but does no damage.
The komodo dragon bites you.
* * * LOW HITPOINT WARNING * * *
The seven-headed hydra bites you.
* * * LOW HITPOINT WARNING * * *
The seven-headed hydra bites you!
* * * LOW HITPOINT WARNING * * *
The seven-headed hydra bites you but does no damage.
The seven-headed hydra bites you. x2
* * * LOW HITPOINT WARNING * * *
The seven-headed hydra bites you but does no damage.
The seven-headed hydra bites you.
You die...

### #. ##..### ###..
.## # #..# ....#
..## #..# #... ...
#P.# # ##...##.#
##>### ##.#.....##
#..#P ....>.....#
#.... #...lD.##
######....
......#.@FP#
#P........ .#.##
##Fl.######........
#............P.....
∆
##.#†...#..........
..h.......#.....b...
#P#.......#.........
∆
###..#.#.[##........
####.#...###.....#
##<.P.## #..####


You could see a seven-headed hydra, a komodo dragon, a basilisk, a black bear
and 2 bullfrogs.

Vanquished Creatures
  An orc warlord (Orc:2)
  Nessos (D:13)
  Josephine (D:11)
  A centaur warrior (D:13)
  A hydra (Lair:1)
  2 boulder beetles (D:10)
  An ogre mage (D:12)
  4 two-headed ogres
  A death knight (D:13)
  2 tengu warriors
  2 orc high priests
  A skeletal warrior (D:12)
  2 orc knights (Orc:2)
  An ugly thing (D:11)
  A harpy (shapeshifter) (D:12)
  A deep elf pyromancer (D:12)
  6 orc sorcerers
  3 cyclopes
  4 manticores
  An elephant (shapeshifter) (D:13)
  Maurice (D:10)
  3 black mambas
  2 gargoyles
  An unseen horror (D:10)
  6 cane toads
  Psyche (D:8)
  4 komodo dragons
  An efreet (D:13)
  2 tengu conjurers
  2 freezing wraiths (D:12)
  8 trolls
  A queen bee (shapeshifter) (D:5)
  A shadow (D:12)
  A vampire (D:12)
  8 wraiths
  A wyvern (D:7)
  5 yaks
  4 steam dragons
  A basilisk (Lair:1)
  Grum (D:8)
  3 wargs (Orc:2)
  An acid dragon (D:10)
  4 water moccasins
  2 sky beasts
  31 orc warriors
  A black bear (D:7)
  3 ice beasts
  11 ogres
  2 wolves (D:8)
  9 centaurs
  A phantom (D:5)
  3 kobold brigands
  A necrophage (D:6)
  2 bullfrogs
  3 scorpions
  A gnoll sergeant (D:12)
  8 wights
  4 killer bees (D:10)
  7 howler monkeys
  An electric eel (Lair:1)
  2 human zombies (Ossuary)
  21 orc priests
  2 hounds
  Natasha (twice) (D:4)
  An iguana (D:5)
  17 orc wizards
  3 mummies (Ossuary)
  3 gnolls (D:12)
  3 adders
  2 shadow imps
  An ufetubus (D:5)
  2 worms
  A dart slug (D:1)
  69 orcs
  6 bats
  A giant cockroach (D:1)
  A gnoll zombie (Ossuary)
  6 goblins
  3 hobgoblins
  2 jackals (D:1)
  5 quokkas
  3 ball pythons
  3 frilled lizards
  3 goblin zombies (Ossuary)
  11 kobolds
  2 kobold zombies (Ossuary)
  8 rats
372 creatures vanquished.

Vanquished Creatures (collateral kills)
  An acid blob (D:10)
  A hydra (D:13)
  2 two-headed ogres (D:12)
  An orc knight (D:11)
  Joseph (D:8)
  2 orc warriors (Orc:2)
  2 centaurs (D:10)
  2 wights
  2 jellies
  An orc priest (Orc:2)
  4 orc wizards
  A worm (D:5)
  6 orcs
26 creatures vanquished.

Vanquished Creatures (others)
  An acid blob (Orc:2)
  An orc knight (Orc:2)
  A manticore (D:13)
  2 slime creatures (D:13)
  6 dancing weapons
  A water moccasin (Lair:1)
  A black bear (D:5)
  2 orc warriors
  4 wolves (Lair:1)
  An ogre (D:5)
  A centaur (D:5)
  2 bullfrogs
  A necrophage (D:6)
  3 wights (D:10)
  A howler monkey (D:10)
  5 hounds
  49 jellies
  3 orc priests
  Natasha (D:4)
  5 orc wizards
  2 adders
  A shadow imp (D:6)
  11 orcs
  2 ball pythons (D:2)
  A goblin (D:2)
  A hobgoblin (D:2)
  3 jackals (D:5)
  7 kobolds
  A quokka (D:4)
  9 fungi
  32 plants
161 creatures vanquished.

Grand Total: 559 creatures vanquished

Notes
Turn   | Place    | Note
-------+----------+-------------------------------------------
     0 | D:1      | Dabor the Gnoll Wanderer began the quest for the Orb.
     0 | D:1      | Dabor set off with the following items: a +2 spear, a +0
                  | helmet, a potion of berserk rage, a +0 leather armour; and
                  | the following spell memorised: Sting; and the following
                  | spells available to memorise: Ignite Poison
     0 | D:1      | Reached XP level 1. HP: 17/17 MP: 4/4
   133 | D:1      | Reached XP level 2. HP: 23/23 MP: 5/5
   139 | D:1      | Found a faded altar of an unknown god.
   958 | D:1      | Prayed at the altar of an unknown god.
   958 | D:1      | Became a worshipper of Jiyva Jaem the Shapeless
   958 | D:1      | Reached * piety under Jiyva
   989 | D:2      | Reached XP level 3. HP: 28/28 MP: 7/7
  1166 | D:2      | Identified the +8 hand axe of Wu Jian's Whim {chaos, rCorr
                  | Dex+2}
  1280 | D:2      | Reached ** piety under Jiyva
  1725 | D:3      | Reached skill level 1 in Short Blades
  1725 | D:3      | Reached skill level 1 in Long Blades
  1725 | D:3      | Reached skill level 1 in Axes
  1725 | D:3      | Reached skill level 1 in Maces & Flails
  1725 | D:3      | Reached skill level 1 in Staves
  1725 | D:3      | Reached skill level 1 in Slings
  1725 | D:3      | Reached skill level 1 in Bows
  1725 | D:3      | Reached skill level 1 in Crossbows
  1725 | D:3      | Reached skill level 1 in Throwing
  1725 | D:3      | Reached skill level 1 in Armour
  1725 | D:3      | Reached skill level 1 in Stealth
  1725 | D:3      | Reached skill level 1 in Shields
  1725 | D:3      | Reached skill level 1 in Unarmed Combat
  1725 | D:3      | Reached skill level 1 in Evocations
  1727 | D:3      | Reached XP level 4. HP: 18/34 MP: 8/8
  1729 | D:3      | Reached skill level 1 in Conjurations
  1729 | D:3      | Reached skill level 1 in Hexes
  1729 | D:3      | Reached skill level 1 in Summonings
  1729 | D:3      | Reached skill level 1 in Necromancy
  1729 | D:3      | Reached skill level 1 in Translocations
  1729 | D:3      | Reached skill level 1 in Transmutations
  1729 | D:3      | Reached skill level 1 in Fire Magic
  1729 | D:3      | Reached skill level 1 in Ice Magic
  1729 | D:3      | Reached skill level 1 in Air Magic
  1729 | D:3      | Reached skill level 1 in Earth Magic
  1742 | D:3      | Identified a scroll of acquirement
  1744 | D:3      | Acquired the +1 pair of gloves of the Amoeba {Regen+ Dex+3}
  1765 | D:3      | Found a glowing silver altar of Zin.
  1765 | D:3      | Found a sparkling altar of Nemelex Xobeh.
  1816 | D:3      | Reached XP level 5. HP: 40/40 MP: 9/9
  1841 | D:3      | Reached *** piety under Jiyva
  2143 | D:4      | Found a staircase to the Ecumenical Temple.
  2161 | Temple   | Entered the Ecumenical Temple
  2272 | D:4      | Noticed Natasha
  2280 | D:4      | Killed Natasha
  2289 | D:4      | Gained mutation: Your melee attacks may engulf your foes in
                  | ooze. [Jiyva's grace]
  2289 | D:4      | Gained mutation: You have a somewhat thin skeletal
                  | structure. (Dex +2, Stealth+) [Jiyva's grace]
  2289 | D:4      | Gained mutation: You have a moderately thin skeletal
                  | structure. (Dex +4, Stealth++) [Jiyva's grace]
  2289 | D:4      | Gained mutation: You have an unnaturally thin skeletal
                  | structure. (Dex +6, Stealth+++) [Jiyva's grace]
  2312 | D:4      | Reached XP level 6. HP: 44/47 MP: 10/10
  2448 | D:4      | Killed Natasha
  2455 | D:4      | Noticed Natasha
  2458 | D:4      | Killed Natasha
  2741 | D:4      | Reached **** piety under Jiyva
  3297 | D:5      | Entered Level 5 of the Dungeon
  3554 | D:5      | Noticed an orc warrior
  3562 | D:5      | Noticed an ice beast
  3565 | D:5      | Killed an orc warrior
  3566 | D:5      | Reached XP level 7. HP: 44/52 MP: 12/12
  3624 | D:5      | Noticed a shapeshifter
  3624 | D:5      | an ice beast changed into a shapeshifter
  3624 | D:5      | Noticed a queen bee
  3624 | D:5      | a shapeshifter changed into a queen bee
  3627 | D:5      | Killed a queen bee
  3628 | D:5      | Reached XP level 8. HP: 39/60 MP: 12/14
  4120 | D:6      | Found a sand-covered staircase.
  4125 | Ossuary  | Entered an ossuary
  4247 | Ossuary  | HP: 3/60 [something (26)]
  4354 | Ossuary  | Acquired the +8 scimitar of Honour {flame, rF+++ Str+4
                  | Int+2}
  4590 | D:6      | Reached ***** piety under Jiyva
  5019 | D:7      | Noticed a wyvern
  5019 | D:7      | Lost mutation: You have an unnaturally thin skeletal
                  | structure. (Dex +6, Stealth+++) [Jiyva's grace]
  5019 | D:7      | Lost mutation: You have a moderately thin skeletal
                  | structure. (Dex +4, Stealth++) [Jiyva's grace]
  5019 | D:7      | Lost mutation: Your melee attacks may engulf your foes in
                  | ooze. [Jiyva's grace]
  5019 | D:7      | Gained mutation: You have a pair of small horns on your
                  | head. [Jiyva's grace]
  5019 | D:7      | Gained mutation: You have a pair of horns on your head.
                  | [Jiyva's grace]
  5019 | D:7      | Gained mutation: You have a pair of large horns on your
                  | head. [Jiyva's grace]
  5019 | D:7      | Gained mutation: You are covered in slimy tendrils that may
                  | disarm your opponents. [Jiyva's grace]
  5024 | D:7      | Killed a wyvern
  5025 | D:7      | Reached skill level 5 in Invocations
  5025 | D:7      | Reached XP level 9. HP: 66/66 MP: 16/16
  5033 | D:7      | Learned a level 2 spell: Corpse Rot
  5217 | D:7      | Reached skill level 5 in Spellcasting
  5478 | D:7      | Reached skill level 5 in Fighting
  5610 | D:8      | Noticed Joseph
  5627 | D:8      | Killed Joseph
  5676 | D:8      | Learned a level 3 spell: Tukima's Dance
  5738 | D:8      | Noticed Psyche
  5747 | D:8      | Killed Psyche
  5872 | D:8      | Found Tycsisit's Distillery.
  5961 | D:8      | Found Ucra's General Store.
  5969 | D:8      | Bought a scroll of identify for 26 gold pieces
  6049 | D:8      | Noticed Grum
  6059 | D:8      | Reached XP level 10. HP: 45/74 MP: 18/18
  6060 | D:8      | Killed Grum
  6140 | D:9      | Reached skill level 5 in Short Blades
  6140 | D:9      | Reached skill level 5 in Long Blades
  6140 | D:9      | Reached skill level 5 in Axes
  6140 | D:9      | Reached skill level 5 in Maces & Flails
  6140 | D:9      | Reached skill level 5 in Staves
  6140 | D:9      | Reached skill level 5 in Slings
  6140 | D:9      | Reached skill level 5 in Bows
  6140 | D:9      | Reached skill level 5 in Crossbows
  6140 | D:9      | Reached skill level 5 in Throwing
  6140 | D:9      | Reached skill level 5 in Armour
  6140 | D:9      | Reached skill level 5 in Stealth
  6140 | D:9      | Reached skill level 5 in Shields
  6140 | D:9      | Reached skill level 5 in Unarmed Combat
  6140 | D:9      | Reached skill level 5 in Evocations
  6217 | D:9      | Identified the +2 short sword of Greed {vorpal, rPois rC+
                  | rN+++ Dex-5}
  6441 | D:9      | Noticed a cyclops
  6470 | D:9      | Killed a cyclops
  6677 | D:9      | Found a basalt altar of Yredelemnul.
  6679 | D:9      | Found a snail-covered altar of Cheibriados.
  6680 | D:9      | Identified the +10 whip of Viklavog {venom, *Noise +Blink
                  | rF+}
  6685 | D:9      | Found an ancient bone altar of Kikubaaqudgha.
  6685 | D:9      | Found a sacrificial altar of Ru.
  6858 | D:10     | Entered Level 10 of the Dungeon
  6883 | D:10     | Noticed a boulder beetle
  6893 | D:10     | Reached skill level 5 in Poison Magic
  6894 | D:10     | Slimified a boulder beetle
  6894 | D:10     | Noticed an acid blob
  6894 | D:10     | a boulder beetle changed into an acid blob
  6900 | D:10     | Killed an acid blob
  6900 | D:10     | Was placed under penance by Jiyva
  6958 | D:10     | Noticed a two-headed ogre
  6982 | D:10     | Killed a two-headed ogre
  6983 | D:10     | Reached XP level 11. HP: 57/83 MP: 10/20
  7116 | D:10     | Noticed a boulder beetle
  7136 | D:10     | Killed a boulder beetle
  7137 | D:10     | Reached skill level 5 in Conjurations
  7137 | D:10     | Reached skill level 5 in Hexes
  7137 | D:10     | Reached skill level 5 in Summonings
  7137 | D:10     | Reached skill level 5 in Necromancy
  7137 | D:10     | Reached skill level 5 in Translocations
  7137 | D:10     | Reached skill level 5 in Transmutations
  7137 | D:10     | Reached skill level 5 in Fire Magic
  7137 | D:10     | Reached skill level 5 in Ice Magic
  7137 | D:10     | Reached skill level 5 in Air Magic
  7137 | D:10     | Reached skill level 5 in Earth Magic
  7342 | D:10     | Noticed a boulder beetle
  7354 | D:10     | Killed a boulder beetle
  7474 | D:10     | Found a runed translucent gate.
  7551 | D:10     | Found a runed translucent gate.
  7551 | D:10     | Found a runed translucent gate.
  7554 | D:10     | Noticed Miritol's ghost (journeyman KoBe)
  7651 | D:10     | Noticed Maurice
  7669 | D:10     | Killed Maurice
  7792 | D:10     | Found a staircase to the Lair.
  8050 | D:10     | Noticed a two-headed ogre
  8058 | D:10     | Killed a two-headed ogre
  8335 | D:11     | Was forgiven by Jiyva
  8514 | D:11     | Noticed a green ugly thing
  8524 | D:11     | Noticed a cyclops
  8542 | D:11     | Noticed a manticore
  8545 | D:11     | Noticed a manticore
  8569 | D:11     | Noticed a cyclops
  8578 | D:11     | Killed a cyclops
  8592 | D:11     | Killed a green ugly thing
  8593 | D:11     | Reached XP level 12. HP: 91/91 MP: 23/23
  8604 | D:11     | Noticed a tengu warrior
  8620 | D:11     | Killed a tengu warrior
  8636 | D:11     | Noticed a two-headed ogre
  8645 | D:11     | Killed a two-headed ogre
  8704 | D:11     | Found a staircase to the Orcish Mines.
  8725 | D:11     | Gained mutation: You are agile. (Dex +2) [Jiyva's grace]
  8725 | D:11     | Gained mutation: You are very agile. (Dex +4) [Jiyva's
                  | grace]
  8725 | D:11     | Gained mutation: You have sharp toenails. [Jiyva's grace]
  8725 | D:11     | Gained mutation: You have razor-sharp toenails. [Jiyva's
                  | grace]
  8910 | D:11     | Noticed Josephine
  8921 | D:11     | Killed Josephine
  9218 | D:12     | Learned a level 4 spell: Cause Fear
  9347 | D:12     | Noticed an ogre mage
  9347 | D:12     | Noticed a two-headed ogre
  9347 | D:12     | Noticed a two-headed ogre
  9347 | D:12     | Noticed a two-headed ogre
  9353 | D:12     | Killed a two-headed ogre
  9362 | D:12     | Killed a two-headed ogre
  9363 | D:12     | Reached skill level 10 in Polearms
  9363 | D:12     | Reached skill level 10 in Dodging
  9368 | D:12     | Killed a two-headed ogre
  9370 | D:12     | Killed an ogre mage
  9897 | D:13     | Noticed Nessos
  9918 | D:13     | Killed Nessos
  9966 | D:13     | Noticed a death knight
 10015 | D:12     | Reached XP level 13. HP: 99/99 MP: 25/25
 10155 | Orc:1    | Entered Level 1 of the Orcish Mines
 10385 | Orc:1    | Paralysed by an orc sorcerer for 3 turns
 10568 | Orc:2    | Entered Level 2 of the Orcish Mines
 10611 | Orc:2    | Noticed an orc warlord
 10639 | Orc:2    | Killed an orc warlord
 10703 | Orc:2    | Noticed an orc warlord
 10782 | Orc:2    | Found a staircase to the Elven Halls.
 10806 | Orc:2    | Slimified an orc warlord
 10806 | Orc:2    | Noticed an acid blob
 10806 | Orc:2    | an orc warlord changed into an acid blob
 10828 | Orc:2    | Killed an acid blob
 11003 | Orc:2    | Found Ynypt's Antique Armour Emporium.
 11008 | Orc:2    | Found Cyisanwi's Book Emporium.
 11060 | Orc:2    | Found Sappoludi's Antique Weapon Emporium.
 11100 | Orc:2    | Found Oblitas's General Store.
 11108 | Orc:2    | Bought a scroll of enchant armour for 75 gold pieces
 11145 | Orc:2    | Bought a piece from Xom's chessboard (15/15) for 200 gold
                  | pieces
 11536 | Orc:2    | Lost mutation: You have a somewhat thin skeletal structure.
                  | (Dex +2, Stealth+) [Jiyva's grace]
 11536 | Orc:2    | Lost mutation: You are covered in slimy tendrils that may
                  | disarm your opponents. [Jiyva's grace]
 11536 | Orc:2    | Gained mutation: You are somewhat resistant to further
                  | mutation. [Jiyva's grace]
 11536 | Orc:2    | Gained mutation: You are somewhat resistant to both further
                  | mutation and mutation removal. [Jiyva's grace]
 11536 | Orc:2    | Gained mutation: You are almost entirely resistant to
                  | further mutation and mutation removal. [Jiyva's grace]
 11536 | Orc:2    | Gained mutation: You are resistant to electric shocks.
                  | (rElec) [Jiyva's grace]
 11966 | Orc:1    | Reached skill level 10 in Invocations
 11968 | Orc:1    | Reached ****** piety under Jiyva
 12160 | Lair:1   | Entered Level 1 of the Lair of Beasts
 12176 | Lair:1   | Reached XP level 14. HP: 101/108 MP: 27/27
 12865 | Lair:2   | HP: 3/108 [seven-headed hydra (6)]
 12865 | Lair:2   | HP: 1/108 [seven-headed hydra (2)]
 12865 | Lair:2   | Slain by a seven-headed hydra

Illustrated notes

Levels and vault maps discovered:
D:1:      dpeg_arrival_subterranean_lakeside_camping, layout_basic,
          hellmonk_ecumenical_altar_blasted
D:2:      layout_loops_ring
D:3:      layout_rooms, mainiacjoe_overflow_divided_tiny,
          nicolae_concentric_dashed_squares_wild
D:4:      layout_basic, minmay_temple_entry_stoned_glass, serial_forest,
          infiniplex_forest_end_3, infiniplex_forest_end_3,
          infiniplex_forest_end_2, infiniplex_forest_clump_diagonal,
          infiniplex_forest_lined_3_way, infiniplex_forest_lined_1,
          infiniplex_forest_clump_tiny, uniq_natasha
D:5:      minmay_clustersquares, layout_basic, hex_intersection
D:6:      layout_cave_pods, nicolae_ossuary_entry_false_entrances
D:7:      layout_basic
D:8:      layout_rooms, serial_shops, nicolae_shop_hallway_plus,
          nicolae_diamond_shop, kennysheep_generic_room_4, uniq_psyche,
          uniq_grum, uniq_joseph
D:9:      layout_basic, grunt_temple_overflow_open, minmay_misc_feat_pillars,
          minivault_25_ag
D:10:     layout_irregular_city, lair_entry_dummy, gammafunk_ghost_necromancy,
          nzn_random_ring, uniq_maurice
D:11:     layout_small_grid, david_orc_2, uniq_josephine
D:12:     layout_roguey [special_room_orc], grunt_decor_one_mirror
D:13:     layout_irregular_city, hangedman_feature_mirror, xom_confusion_cloud,
          uniq_nessos
Temple:   lightli_temple_of_artemis
Lair:1:   layout_concentric_octagons, cheibrodos_lair_caveside_slide,
          serial_bayou_shore_a, grunt_megastairs_1
Lair:2:   layout_loops_ring, minivault_11, lemuel_fruit_fields
Orc:1:    layout_caves, serial_shops
Orc:2:    grunt_orc_cross, layout_diamond_mine

Skill      XL: |  1  2  3  4  5  6  7  8  9 10 11 12 13 14 |
---------------+-------------------------------------------+-----
Poison Magic   | 2 3 4 5 6 7 |  7.8
Short Blades   | 1 2 3 4 5 6 7 8 9 |  9.0
Long Blades    | 1 2 3 4 5 6 7 8 9 |  9.0
Axes           | 1 2 3 4 5 6 7 8 9 |  9.0
Maces & Flails | 1 2 3 4 5 6 7 8 9 |  9.0
Staves         | 1 2 3 4 5 6 7 8 9 |  9.0
Slings         | 1 2 3 4 5 6 7 8 9 |  9.0
Bows           | 1 2 3 4 5 6 7 8 9 |  9.0
Crossbows      | 1 2 3 4 5 6 7 8 9 |  9.0
Throwing       | 1 2 3 4 5 6 7 8 9 |  9.0
Armour         | 1 2 3 4 5 6 7 8 9 |  9.0
Stealth        | 1 2 3 4 5 6 7 8 9 |  9.0
Shields        | 1 2 3 4 5 6 7 8 9 |  9.0
Unarmed Combat | 1 2 3 4 5 6 7 8 9 |  9.0
Evocations     | 1 2 3 4 5 6 7 8 9 |  9.0
Spellcasting   | 3 4 5 6 7 8 9 |  9.5
Conjurations   | 1 2 3 4 5 6 7 |  7.5
Hexes          | 1 2 3 4 5 6 7 |  7.5
Summonings     | 1 2 3 4 5 6 7 |  7.5
Necromancy     | 1 2 3 4 5 6 7 |  7.5
Translocations | 1 2 3 4 5 6 7 |  7.5
Transmutations | 1 2 3 4 5 6 7 |  7.5
Fire Magic     | 1 2 3 4 5 6 7 |  7.5
Ice Magic      | 1 2 3 4 5 6 7 |  7.5
Air Magic      | 1 2 3 4 5 6 7 |  7.5
Earth Magic    | 1 2 3 4 5 6 7 |  7.5
Invocations    | 3 4 5 7 8 9 10 | 10.2
Fighting       | 3 4 5 6 7 8 9 |  9.4
Polearms       | 7 8 9 10 11 | 11.1
Dodging        | 7 8 9 10 11 | 11.1

Action                   |  1- 3 |  4- 6 |  7- 9 | 10-12 | 13-15 || total
-------------------------+-------+-------+-------+-------+-------++-------
Melee: Spear             |    78 |       |       |       |       ||    78
       Bite              |    13 |    12 |     7 |    45 |    40 ||   117
       Hand axe          |    30 |    61 |    72 |       |       ||   163
       Scimitar          |       |       |    53 |   366 |   308 ||   727
       Headbutt          |       |       |     5 |    87 |    69 ||   161
       Punch             |       |       |       |     4 |       ||     4
       Kick              |       |       |       |    62 |    94 ||   156
Throw: Dart              |       |       |     8 |    39 |     3 ||    50
       Boomerang         |       |       |     3 |    27 |    26 ||    56
 Cast: Sting             |       |     4 |     2 |    10 |     5 ||    21
       Tukima's Dance    |       |       |       |    25 |     1 ||    26
       Corpse Rot        |       |       |       |     4 |     5 ||     9
       Cause Fear        |       |       |       |       |     3 ||     3
Invok: Oozemancy         |       |       |     1 |     1 |       ||     2
       Slimify           |       |       |       |     1 |     1 ||     2
Evoke: Wand              |       |       |       |     8 |     4 ||    12
  Use: Scroll            |     2 |     3 |    11 |     4 |     1 ||    21
       Potion            |       |       |     4 |     6 |       ||    10
 Stab: Sleeping          |     1 |     5 |    10 |     3 |     4 ||    23
       Distracted        |       |       |       |     1 |       ||     1
Armor: Leather armour    |    18 |     7 |    20 |   105 |    93 ||   243
Dodge: Dodged            |    56 |    39 |    66 |   312 |   165 ||   638
Block: Kite shield       |       |       |       |   126 |   251 ||   377
       Buckler           |       |       |       |     7 |       ||     7

Table legend: (Time is in decaauts)
 A = Elapsed time spent in this place.
 B = Non-inter-level travel time spent in this place.
 C = Inter-level travel time spent in this place.
 D = Time resting spent in this place.
 E = Time spent auto-exploring this place.
 F = Levels seen in this place.
 G = Mean time per level.
                   A        B        C        D        E       F      G
               +--------+--------+--------+--------+--------+-----+--------+
         Total |  12990 |  11629 |   1361 |    758 |   6975 |  19 |  683.7 |
       Dungeon |  10007 |   9191 |    816 |    619 |   5808 |  13 |  769.8 |
        Temple |    107 |     89 |     18 |      0 |     84 |   1 |  107.0 |
          Lair |    719 |    564 |    155 |      0 |    358 |   2 |  359.5 |
  Orcish Mines |   1898 |   1527 |    371 |    123 |    657 |   2 |  949.0 |
       Ossuary |    256 |    256 |      0 |     16 |     68 |   1 |  256.0 |
               +--------+--------+--------+--------+--------+-----+--------+

Top non-repeatable levels by time:
    D:10: 1510 daAuts
   Orc:2: 1427 daAuts
     D:4: 1077 daAuts
     D:1: 961 daAuts
    D:11: 933 daAuts
    D:12: 861 daAuts
     D:6: 749 daAuts
     D:9: 749 daAuts
     D:5: 740 daAuts
     D:2: 664 daAuts
  Lair:1: 587 daAuts
     D:7: 581 daAuts
     D:8: 519 daAuts
     D:3: 497 daAuts
   Orc:1: 471 daAuts
